 Dungeon Crawl Stone Soup version 0.31-a0-188-g5e087ee2ca (webtiles) character file.

Game seed: 10248432950301494021

69 qw the Shooter (level 4, 0/25 HPs)
             Began as a Deep Elf Hunter on June 23, 2023.
             Slain by Natasha (2 damage)
             ... on level 2 of the Dungeon.
             The game lasted 00:00:28 (1088 turns).

qw the Shooter (Deep Elf Hunter)                    Turns: 1088, Time: 00:00:28

Health: 0/25       AC:  0    Str: 10    XL:     4   Next: 2%
Magic:  6/6        EV: 20    Int: 14    God:
Gold:   84         SH:  0    Dex: 23    Spells: 3/3 levels left

rFire   . . .        Y - melded +0 shortbow (drain)
rCold   . . .        (shield currently unavailable)
rNeg    . . .        c - melded +0 leather armour
rPois   .            i - melded +0 hat {SInv}
rElec   .            (cloak currently unavailable)
rCorr   .            (gloves currently unavailable)
SInv    .            (boots currently unavailable)
Will    .....        (no amulet)
Stlth   ++           (ring currently unavailable)
HPRegen 0.24/turn    (ring currently unavailable)
MPRegen 0.10/turn

%: no passive effects
@: bat-form, flying, very quick
A: fast, flying, no casting, tiny
a: no special abilities


You were on level 2 of the Dungeon.
You were a bat.
You visited 1 branch of the dungeon, and saw 2 of its levels.

You collected 84 gold pieces.


   Skills:
 - Level 1.5 Fighting
 - Level 7.4 Ranged Weapons
 + Level 2.4 Dodging
 - Level 1.2 Stealth


You had 3 spell levels left.
You didn't know any spells.
Your spell library was empty.

Inventory:

Hand Weapons
 Y - a +0 shortbow of draining (melded)
Armour
 a - a +0 helmet
 c - a +0 leather armour (melded)
 i - a +0 hat of see invisible (melded)
Potions
 e - a potion of haste {unknown}
 j - a potion of resistance {unknown}

Dungeon Overview and Level Annotations

Branches:
Dungeon (2/15)

Altars:

Annotations:
D:2 Natasha


Message History

You closely miss Natasha.
Natasha is severely wounded.
Natasha casts a spell at you. The magic dart hits you!
You hit Natasha but do no damage.
Natasha is severely wounded.
You hit Natasha but do no damage.
Natasha is severely wounded.
Natasha closely misses you.
You hit Natasha but do no damage.
Natasha is severely wounded.
Natasha closely misses you.
You hit Natasha but do no damage.
Natasha is severely wounded.
Natasha casts a spell at you. You resist with some effort.
You hit Natasha but do no damage.
Natasha is severely wounded.
Natasha wildly gestures.
You feel troubled. Natasha claws you.
You hit Natasha.
Natasha is severely wounded.
Natasha completely misses you.
You closely miss Natasha.
Natasha is severely wounded.
Natasha claws you.
You barely miss Natasha.
Natasha is severely wounded.
Natasha claws you.
You hit Natasha.
Natasha is severely wounded.
Natasha misses you.
You hit Natasha but do no damage.
Natasha is severely wounded.
Natasha barely misses you.
You hit Natasha.
Natasha is almost dead.
Natasha claws you.
You die...

... ... ... #.# ####
#.# ...# #.# ##.# #.#
#.###########.########
##.#............b.....#
.......#########h####.#
######.# #.# #........
... ######### #.## ...
#.. .#.


You could see Natasha (very drained).

Vanquished Creatures
  3 adders (D:2)
  A worm (D:2)
  2 bats (D:1)
  2 endoplasms (D:1)
  A giant cockroach (D:1)
  5 goblins
  7 hobgoblins
  4 ball pythons (D:1)
  3 frilled lizards
  6 kobolds
  4 rats (D:1)
38 creatures vanquished.

Notes
Turn   | Place    | Note
-------+----------+-------------------------------------------
     0 | D:1      | qw the Deep Elf Hunter began the quest for the Orb.
     0 | D:1      | Reached XP level 1. HP: 12/12 MP: 3/3
     0 | D:1      | 0 ||| qw: Version: 0.3-a-9-g12657ce
     0 | D:1      | 0 ||| qw: Game counter: 3210
     0 | D:1      | 0 ||| qw: Always use a shield: true
     0 | D:1      | 0 ||| qw: God list: Okawaru
     0 | D:1      | 0 ||| qw: Allow faded altars: false
     0 | D:1      | 0 ||| qw: Do Orc after D:15 true
     0 | D:1      | 0 ||| qw: Do second Lair branch before Depths: true
     0 | D:1      | 0 ||| qw: Lair rune preference: random
     0 | D:1      | 0 ||| qw: Plans: Normal
     0 | D:1      | 0 ||| PLANNING D:1-11
   137 | D:1      | Reached XP level 2. HP: 16/16 MP: 4/4
   138 | D:1      | Reached skill level 6 in Ranged Weapons
   479 | D:1      | Reached XP level 3. HP: 20/20 MP: 5/5
   825 | D:1      | 825 ||| UPGRADING to +0 hat of see invisible.
   830 | D:1      | 830 ||| READING 3 scrolls labelled DYOWNO ETOLUCA.
   831 | D:1      | 831 ||| READING 2 scrolls of brand weapon.
   831 | D:1      | 831 ||| BRANDING +0 shortbow of flaming.
   832 | D:1      | 832 ||| READING scroll of brand weapon.
   832 | D:1      | 832 ||| BRANDING +0 shortbow of chaos.
   833 | D:1      | 833 ||| READING scroll labelled ZENU VEXEHE.
   834 | D:1      | 834 ||| READING scroll labelled JEZIXEUJYXT.
   835 | D:1      | 835 ||| READING scroll labelled EXUL YXADUX.
   836 | D:1      | 836 ||| READING scroll labelled MYSTRO VY ADGHIVE.
   837 | D:1      | 837 ||| DROPPING scroll of butterflies.
   926 | D:2      | Found a faded altar of an unknown god.
   932 | D:2      | Reached skill level 7 in Ranged Weapons
   959 | D:2      | Reached XP level 4. HP: 24/25 MP: 6/6
  1069 | D:2      | Noticed Natasha
  1077 | D:2      | HP: 6/25 [Natasha/magic dart (9)]
  1082 | D:2      | HP: 5/25 [Natasha (2)]
  1085 | D:2      | HP: 2/25 [Natasha (1)]
  1088 | D:2      | Slain by Natasha

Levels and vault maps discovered:
D:1:      dpeg_arrival_rooms_c, layout_basic
D:2:      layout_loops_ring, shapermc_ecumenical_altar_starsandcircs,
          uniq_natasha

Skill      XL: |  1  2  3 |
---------------+----------+-----
Ranged Weapons | 6 7 |  7.4
Fighting       | |  1.5
Dodging        | |  2.4
Stealth        | |  1.2

Action                     |  1- 3 |  4- 6 || total
---------------------------+-------+-------++-------
  Melee: Unarmed           |       |    14 ||    14
   Fire: Shortbow          |    97 |     7 ||   104
    Use: Scroll            |     7 |       ||     7
 Armour: Leather armour    |     1 |       ||     1
  Dodge: Dodged            |    12 |     8 ||    20

Table legend:
 A = Non-vault XP
 B = Vault XP
 C = Vault XP percentage of total XP
 D = Non-vault monster count
 E = Vault monster count
 F = Vault count percentage of total count
                 A         B        C        D         E       F
            +---------+---------+-------+---------+---------+-------
      Total |      99 |       0 |   0.0 |      38 |       0 |   0.0
            +---------+---------+-------+---------+---------+-------
        D:1 |      46 |       0 |   0.0 |      29 |       0 |   0.0
        D:2 |      53 |       0 |   0.0 |       9 |       0 |   0.0
            +---------+---------+-------+---------+---------+-------
